 Dungeon Crawl Stone Soup version 0.30-a0-458-g86641cc369 (webtiles) character file.

Game seed: 17923165876434476225

1736 HashaRae the Slasher (level 9, -2/55 (69) HPs)
             Began as a Gnoll Reaver on Dec 15, 2022.
             Was a Believer of Kikubaaqudgha.
             Slain by an ogre
             ... wielding a +0 giant spiked club
              (30 damage)
             ... on level 6 of the Dungeon.
             The game lasted 00:48:48 (6263 turns).

HashaRae the Slasher (Gnoll Reaver)                 Turns: 6263, Time: 00:48:48

HP:   -2/55 (69)    AC: 10    Str: 14    XL:     9   Next: 5%
MP:   9/18          EV: 12    Int: 16    God:    Kikubaaqudgha [**....]
Gold: 233           SH:  4    Dex: 10    Spells: 13/20 levels left

rFire   . . .      SeeInvis .    f - +2 short sword (speed)
rCold   + . .      Faith    .    s - +0 buckler
rNeg    + . .      Spirit   .    b - +0 leather armour
rPois   .          Reflect  .    c - +0 helmet "Puelel" {rC+ Regen+ Str+3}
rElec   .          Harm     .    (no cloak)
rCorr   .          Rampage  .    (no gloves)
Will    +....                    (no boots)
Stlth   ++........               (no amulet)
HPRegen 1.09/turn                g - +4 ring of protection
MPRegen 0.16/turn                e - ring of positive energy

@: heavily drained
A: fangs 1, strong nose, distributed training, iridescent scales 1, clumsy 1,
strong-willed 1, MP-powered wands
a: Renounce Religion, Unearth Wretches


You were on level 6 of the Dungeon.
You worshipped Kikubaaqudgha.
Kikubaaqudgha was pleased with you.
You visited 2 branches of the dungeon, and saw 7 of its levels.

You collected 277 gold pieces.
You spent 44 gold pieces at shops.

Inventory:

Hand Weapons
 a - a +0 falchion
 f - a +2 short sword of speed (weapon)
 j - a +0 rapier
 k - a +2 vorpal scythe
 l - a +2 whip of freezing
Armour
 b - a +0 leather armour (worn)
 c - the +0 helmet "Puelel" (worn) {rC+ Regen+ Str+3}
   (You took it off Robin on level 2 of the Dungeon)

   Str:       It affects your strength (+3).
   rC:        It protects you from cold.
   Regen:     It increases your rate of health regeneration.
 s - a +0 buckler (worn)
Jewellery
 e - a ring of positive energy (right hand)
 g - a +4 ring of protection (left hand)
 i - a ring of fire
 r - a ring of protection from cold
Wands
 t - a wand of charming (10)
Scrolls
 m - a scroll of teleportation
 o - a scroll of identify
 q - a scroll of poison
Potions
 d - 2 potions of curing
 h - a potion of brilliance


   Skills:
 + Level 6.1 Fighting
 + Level 4.0 Short Blades
 + Level 7.7 Long Blades
 + Level 4.0 Axes
 + Level 4.0 Maces & Flails
 + Level 4.0 Polearms
 + Level 4.0 Staves
 + Level 4.0 Ranged Weapons
 + Level 4.0 Throwing
 + Level 4.0 Armour
 + Level 6.1 Dodging
 + Level 4.0 Stealth
 + Level 4.0 Shields
 + Level 4.0 Unarmed Combat
 + Level 6.4 Spellcasting
 + Level 6.4 Conjurations
 + Level 3.2 Hexes
 + Level 3.2 Summonings
 + Level 3.2 Necromancy
 + Level 3.2 Translocations
 + Level 3.2 Transmutations
 + Level 3.2 Fire Magic
 + Level 3.2 Ice Magic
 + Level 3.2 Air Magic
 + Level 3.2 Earth Magic
 + Level 3.2 Poison Magic
 + Level 4.4 Invocations
 + Level 4.0 Evocations


You had 13 spell levels left.
You knew the following spells:

 Your Spells              Type           Power      Damage    Failure   Level
a - Kiss of Death         Conj/Necr      80%        2d11      3%          1
b - Necrotise             Necr           60%        1d7       5%          1
c - Vampiric Draining     Necr           15%        2d7       17%         3
d - Cigotuvi's Dreadful   Necr/Pois/Air  30%        N/A       9%          2

Your spell library contained the following spells:

 Spells                   Type           Power      Damage    Failure   Level
 Momentum Strike          Conj/Tloc      40%        3d9       4%          2
 Hailstorm                Conj/Ice       20%        3d6       9%          3
 Olgreb's Toxic Radiance  Pois           15%        N/A       50%         4
 Ozocubu's Refrigeration  Ice            7%         4d9       100%        7
 Ignition                 Fire           7%         3d5       100%        8


Dungeon Overview and Level Annotations

Branches:
Dungeon (6/15)             Temple (1/1) D:5

Altars:
Ashenzari
Cheibriados
Dithmenos
Elyvilon
Fedhas
Gozag
Kikubaaqudgha
Nemelex Xobeh
Qazlal
Ru
Sif Muna
Trog
Vehumet
Xom
Yredelemnul
Zin
The Shining One

Shops:
D:2 *:(?

Annotations:
D:5 2 transporters, lotum's ghost, novice GrEE


Innate Abilities, Weirdness & Mutations

You have very sharp teeth.
Your uncanny sense of smell can sniff out nearby items.
Your experience applies equally to all skills.
You are partially covered in iridescent scales. (AC +2)
You are clumsy. (Dex -2)
You are strong-willed. (Will+)
You expend magic power (3 MP) to strengthen your wands.


Message History

There is a stone staircase leading down here.
You climb downwards.
The ogre closely misses you.
There is a stone staircase leading up here.
You hit the orc. Your bite misses the orc.
The orc is lightly wounded.
The ogre hits you with a +0 giant spiked club!
The orc closely misses you.
Casting: Cigotuvi's Dreadful Rot (safe; 9% risk of failure)
Confirm with . or Enter, or press ? or * to list all spells.
Aiming: Vampiric Draining (dangerous; 17% risk of failure)
Press: ? - help, Shift-Dir - straight line, f - orc
Aim: an orc, wielding a +0 mace of protection (lightly wounded)
You draw life force from the orc!
You kill the orc!
Kikubaaqudgha accepts your kill.
You feel life coursing into your body.
You hit the ogre.
The ogre is lightly wounded.
The ogre hits you with a +0 giant spiked club!!
Casting: Vampiric Draining (dangerous; 17% risk of failure)
Confirm with . or Enter, or press ? or * to list all spells.
Aiming: Vampiric Draining (dangerous; 17% risk of failure)
Press: ? - help, Shift-Dir - straight line, f - ogre
Aim: an ogre, wielding a +0 giant spiked club (lightly wounded)
You draw life force from the ogre!
You feel life coursing into your body.
Casting: Vampiric Draining (dangerous; 17% risk of failure)
Confirm with . or Enter, or press ? or * to list all spells.
Aiming: Vampiric Draining (dangerous; 17% risk of failure)
Press: ? - help, Shift-Dir - straight line, f/p - ogre
Aim: an ogre, wielding a +0 giant spiked club (heavily wounded)
You draw life force from the ogre.
You feel life coursing into your body. The ogre barely misses you.
You hit the ogre.
The ogre is severely wounded.
You hit the ogre.
The ogre is almost dead.
The ogre hits you with a +0 giant spiked club!!
Ouch! That really hurt!
You die...
Kikubaaqudgha rasps: "You have failed me!
Welcome... death!"

#. .oo#.. .. #..
..#. ... # ##..
..#. ... .. #...
...##.# #.#
#.##.#o....# #.#
#.##>#.....###
##.###.##..........
#......O###.....#
#?.....@........#
#.....).......#.# ∆
#.......).........
#.......#.#.###....
#.#####÷#.#.## ....
#..Oo.......... ...
#########.##### ..
...# ∆ ...#


You could see an ogre.

Vanquished Creatures
  Grinder (D:5)
  Prince Ribbit (D:5)
  Sigmund (D:2)
  An ice beast (D:5)
  2 ogres
  A phantom (D:5)
  2 necrophages (D:5)
  A gnoll sergeant (D:4)
  4 scorpions
  2 orc priests (D:5)
  3 hounds
  An iguana (D:5)
  An orc wizard (D:5)
  5 gnolls
  6 adders
  A white imp (D:5)
  2 ufetubi (D:5)
  A worm (D:2)
  2 dart slugs (D:5)
  9 orcs
  9 ball pythons
  7 bats
  12 endoplasms
  3 giant cockroaches
  12 goblins
  3 hobgoblins
  10 jackals
  4 kobolds
  4 quokkas
  5 rats
116 creatures vanquished.

Vanquished Creatures (collateral kills)
  Robin (D:2)
  2 goblins (D:2)
3 creatures vanquished.

Vanquished Creatures (others)
  An adder (D:2)
  A quokka (D:2)
  A bat (D:2)
  6 plants (D:5)
  4 toadstools (D:1)
13 creatures vanquished.

Grand Total: 132 creatures vanquished

Notes
Turn   | Place    | Note
-------+----------+-------------------------------------------
     0 | D:1      | HashaRae the Gnoll Reaver began the quest for the Orb.
     0 | D:1      | Reached XP level 1. HP: 20/20 MP: 6/6
   126 | D:1      | Reached XP level 2. HP: 21/26 MP: 7/7
   355 | D:1      | Found a faded altar of an unknown god.
   372 | D:1      | Prayed at the altar of an unknown god.
   372 | D:1      | Became a worshipper of Kikubaaqudgha
   372 | D:1      | Reached * piety under Kikubaaqudgha
   372 | D:1      | Received a gift from Kikubaaqudgha
  1209 | D:2      | Found Jisoroj's Antique Weapon Shop.
  1217 | D:2      | Reached skill level 5 in Spellcasting
  1217 | D:2      | Reached XP level 3. HP: 31/31 MP: 7/9
  1426 | D:2      | Found Ivyzen's Assorted Antiques.
  1456 | D:2      | Bought a grey potion for 22 gold pieces
  1456 | D:2      | Bought a murky sapphire potion for 22 gold pieces
  1460 | D:2      | Gained mutation: Your skin changes colour to match your
                  | surroundings (Stealth+). [potion of mutation]
  1460 | D:2      | Gained mutation: You are partially covered in iridescent
                  | scales. (AC +2) [potion of mutation]
  1461 | D:2      | Lost mutation: You are partially covered in iridescent
                  | scales. (AC +2) [potion of mutation]
  1461 | D:2      | Lost mutation: Your skin changes colour to match your
                  | surroundings (Stealth+). [potion of mutation]
  1461 | D:2      | Gained mutation: You are partially covered in iridescent
                  | scales. (AC +2) [potion of mutation]
  1461 | D:2      | Gained mutation: You are clumsy. (Dex -2) [potion of
                  | mutation]
  1461 | D:2      | Gained mutation: You have hidden genetic potential. [potion
                  | of mutation]
  1600 | D:2      | Learned a level 1 spell: Necrotise
  1605 | D:2      | Learned a level 3 spell: Vampiric Draining
  1688 | D:2      | Found Meloaxu's Book Shop.
  1710 | D:2      | Reached skill level 1 in Invocations
  1728 | D:2      | Identified the +0 helmet "Puelel" {rC+ Regen+ Str+3}
  1728 | D:2      | Noticed Robin
  1997 | D:2      | Reached skill level 1 in Short Blades
  1997 | D:2      | Reached skill level 1 in Axes
  1997 | D:2      | Reached skill level 1 in Maces & Flails
  1997 | D:2      | Reached skill level 1 in Polearms
  1997 | D:2      | Reached skill level 1 in Staves
  1997 | D:2      | Reached skill level 1 in Ranged Weapons
  1997 | D:2      | Reached skill level 1 in Throwing
  1997 | D:2      | Reached skill level 1 in Armour
  1997 | D:2      | Reached skill level 1 in Stealth
  1997 | D:2      | Reached skill level 1 in Shields
  1997 | D:2      | Reached skill level 1 in Unarmed Combat
  1997 | D:2      | Reached skill level 1 in Evocations
  2135 | D:2      | Killed Robin
  2136 | D:2      | Reached XP level 4. HP: 38/38 MP: 6/11
  2141 | D:2      | Gained mutation: You expend magic power (3 MP) to
                  | strengthen your wands. [hidden potential]
  2284 | D:2      | Reached skill level 1 in Hexes
  2284 | D:2      | Reached skill level 1 in Summonings
  2284 | D:2      | Reached skill level 1 in Necromancy
  2284 | D:2      | Reached skill level 1 in Translocations
  2284 | D:2      | Reached skill level 1 in Transmutations
  2284 | D:2      | Reached skill level 1 in Fire Magic
  2284 | D:2      | Reached skill level 1 in Ice Magic
  2284 | D:2      | Reached skill level 1 in Air Magic
  2284 | D:2      | Reached skill level 1 in Earth Magic
  2284 | D:2      | Reached skill level 1 in Poison Magic
  2406 | D:2      | Noticed Sigmund
  2941 | D:2      | Found Bies's Magic Scroll Boutique.
  3286 | D:3      | You fall into a shaft and drop 2 floors!
  3286 | D:5      | Entered Level 5 of the Dungeon
  3288 | D:5      | Noticed a necrophage
  3321 | D:5      | Killed a necrophage
  3322 | D:5      | Reached XP level 5. HP: 43/43 MP: 12/12
  3338 | D:5      | Gained mutation: You are strong-willed. (Will+) [hidden
                  | potential]
  3338 | D:5      | Lost mutation: You have hidden genetic potential. [hidden
                  | potential expressed]
  3363 | D:5      | Identified the +0 scale mail of Xuysm {+Blink}
  3365 | D:5      | Found a transporter.
  3376 | D:5      | Found a staircase to the Ecumenical Temple.
  3387 | Temple   | Entered the Ecumenical Temple
  3625 | D:5      | Noticed Prince Ribbit
  3685 | D:5      | Killed Prince Ribbit
  3686 | D:5      | Reached skill level 5 in Fighting
  3686 | D:5      | Reached skill level 5 in Dodging
  3686 | D:5      | Reached XP level 6. HP: 11/47 MP: 4/14
  3776 | D:6      | Reached ** piety under Kikubaaqudgha
  3777 | D:6      | Reached skill level 7 in Long Blades
  3777 | D:6      | Reached XP level 7. HP: 35/43 MP: 10/15
  4384 | D:2      | Killed Sigmund
  4385 | D:2      | Reached XP level 8. HP: 52/63 MP: 14/17
  4587 | D:4      | Found a shimmering altar of Xom.
  5807 | D:5      | Noticed Grinder
  5828 | D:5      | Killed Grinder
  5829 | D:5      | Reached XP level 9. HP: 56/69 MP: 18/18
  5853 | D:5      | Found a transporter.
  5869 | D:5      | Noticed lotum's ghost (novice GrEE)
  6216 | D:5      | Learned a level 2 spell: Cigotuvi's Dreadful Rot
  6263 | D:6      | Slain by an ogre

Illustrated notes

Levels and vault maps discovered:
D:1:      ldierk_water_garden, layout_basic, shapermc_ecumenical_altar_pompeii
D:2:      layout_loops_ring, serial_shops, nicolae_shop_behind_doors,
          nicolae_shop_waterfront, nicolae_lakefront_shop,
          nicolae_shop_waterfront, uniq_robin, uniq_sigmund
D:3:      layout_basic
D:4:      layout_basic, mainiacjoe_overflow_alcove_4
D:5:      layout_cave_pools, kennysheep_mini_moat, minmay_temple_entry_ruins,
          gammafunk_ghost_gnarly_gnolls, st_stairs_4, uniq_grinder,
          uniq_prince_ribbit1
D:6:      layout_loops_cross, uniq_maggie
Temple:   nicolae_temple_elliptical

Skill      XL: |  1  2  3  4  5  6  7  8 |
---------------+-------------------------+-----
Spellcasting   | 5 6 |  6.4
Invocations    | 1 2 3 4 |  4.4
Short Blades   | 1 2 3 4 |  4.0
Axes           | 1 2 3 4 |  4.0
Maces & Flails | 1 2 3 4 |  4.0
Polearms       | 1 2 3 4 |  4.0
Staves         | 1 2 3 4 |  4.0
Ranged Weapons | 1 2 3 4 |  4.0
Throwing       | 1 2 3 4 |  4.0
Armour         | 1 2 3 4 |  4.0
Stealth        | 1 2 3 4 |  4.0
Shields        | 1 2 3 4 |  4.0
Unarmed Combat | 1 2 3 4 |  4.0
Evocations     | 1 2 3 4 |  4.0
Hexes          | 1 2 3 |  3.2
Summonings     | 1 2 3 |  3.2
Necromancy     | 1 2 3 |  3.2
Translocations | 1 2 3 |  3.2
Transmutations | 1 2 3 |  3.2
Fire Magic     | 1 2 3 |  3.2
Ice Magic      | 1 2 3 |  3.2
Air Magic      | 1 2 3 |  3.2
Earth Magic    | 1 2 3 |  3.2
Poison Magic   | 1 2 3 |  3.2
Fighting       | 5 6 |  6.1
Dodging        | 5 6 |  6.1
Long Blades    | 7 |  7.7
Conjurations   | 6 |  6.4

Action                   |  1- 3 |  4- 6 |  7- 9 || total
-------------------------+-------+-------+-------++-------
Melee: Falchion          |   150 |   147 |    25 ||   322
       Bite              |    14 |    10 |    31 ||    55
       Punch             |       |     1 |     7 ||     8
       Short sword       |       |       |   272 ||   272
       Halberd           |       |       |    29 ||    29
 Cast: Necrotise         |    12 |     7 |       ||    19
       Vampiric Draining |     1 |     3 |    15 ||    19
       Kiss of Death     |       |     7 |     1 ||     8
       Cigotuvi's Dreadf |       |       |     2 ||     2
Invok: Unearth Wretches  |     2 |       |       ||     2
  Use: Potion            |     6 |     3 |     2 ||    11
       Scroll            |     2 |     2 |     5 ||     9
 Stab: Paralysed         |     1 |       |       ||     1
       Sleeping          |       |       |     3 ||     3
Armor: Leather armour    |    65 |    81 |    77 ||   223
Dodge: Dodged            |   116 |    93 |   130 ||   339
Block: Buckler           |       |       |     6 ||     6

Table legend: (Time is in decaauts)
 A = Elapsed time spent in this place.
 B = Non-inter-level travel time spent in this place.
 C = Inter-level travel time spent in this place.
 D = Time resting spent in this place.
 E = Time spent auto-exploring this place.
 F = Levels seen in this place.
 G = Mean time per level.
                   A        B        C        D        E       F      G
               +--------+--------+--------+--------+--------+-----+--------+
         Total |   6159 |   6159 |      0 |    922 |   1984 |   7 |  879.9 |
       Dungeon |   5951 |   5951 |      0 |    922 |   1984 |   6 |  991.8 |
        Temple |    207 |    207 |      0 |      0 |      0 |   1 |  207.0 |
               +--------+--------+--------+--------+--------+-----+--------+

Top non-repeatable levels by time:
     D:2: 1487 daAuts
     D:1: 1349 daAuts
     D:5: 1205 daAuts
     D:4: 939 daAuts
     D:3: 908 daAuts
  Temple: 207 daAuts
     D:6: 62 daAuts
